Cogmind - Beta 13 @@@ ROGUE MODE // 2024.05.26 @ 22:55:38 Player: saltine Result: Destroyed by Y-54 Guardian with Flak Gun Performance ------------- Evolutions (3) 1500 Regions Visited (5) 1000 Robots Destroyed (52) 260 Value Destroyed (1692) 1692 Prototype IDs (0) 0 Alien Tech Used (0) 0 Bonus (200) 200 TOTAL SCORE: 4652 Bonus ------- Entered Garrisons 200 Cogmind --------- Core Integrity 0/700 Matter 300/300 Energy 100/100 System Corruption 5% Temperature Cool (12) Movement Core (100) Ox1 Location -7/Garrison Parts ------- > --- POWER (1) -------- (None) > --- PROPULSION (3) --- (None) > --- UTILITY (7) ------ Advanced Targeting Computer Advanced ECM Suite > --- WEAPON (2) ------- Mace > --- INVENTORY (5) ---- Relay Coupler [Grunt] (27) Relay Coupler [Sentry] (23) Mace Mace Peak State ------------ > --- POWER ------------ Light Nuclear Core > --- PROPULSION ------- VSS Leg VSS Leg VSS Leg > --- UTILITY ---------- Improved Sensor Array Improved Signal Interpreter Backup Plating III Medium Armor Plating > --- WEAPON ----------- EM Pulse Cannon Proton Missile Launcher > --- INVENTORY -------- Improved Ion Engine Deuterium Engine Aluminum Leg Improved Light Cannon Heavy Mace [Rating: 31] Favorites ----------- Power Light Ion Engine Engine Light Ion Engine Power Core Light Nuclear Core Propulsion Aluminum Leg Treads Light Treads Leg Aluminum Leg Flight Unit Flight Unit Utility Sensor Array Device Sensor Array Storage Large Battery Processor Improved Signal Interpreter Protection Weapon Shielding Weapon Small Laser Energy Gun Small Laser Energy Cannon EM Pulse Cannon Ballistic Gun High-powered Shotgun Ballistic Cannon Improved Light Cannon Launcher Missile Launcher Impact Weapon Heavy Mace Special Melee Weapon Datajack Build | -11 -10 -9 -8 -7 -7 ------- Run | Yrd Mat Mat Mat Fac Gar Slots Evolved 6 | . . 2 2 2 . Power . | . . . . . . Propulsion 1 | . . 1 . . . Utility 5 | . . 1 2 2 . Weapon . | . . . . . . Parts Attached 63 | 6 7 6 29 12 3 Power 10 | 1 1 2 3 1 2 Engine 8 | 1 1 2 1 1 2 Core 2 | . . . 2 . . Reactor . | . . . . . . Propulsion 15 | 2 2 . 9 2 . Treads 2 | 2 . . . . . Leg 11 | . 2 . 7 2 . Wheel . | . . . . . . Hover . | . . . . . . Flight 2 | . . . 2 . . Utility 20 | 1 2 2 9 6 . Device 7 | . 1 1 1 4 . Storage 2 | 1 . . 1 . . Processor 4 | . 1 . 1 2 . Hackware . | . . . . . . Protection 7 | . . 1 6 . . Artifact . | . . . . . . Weapon 18 | 2 2 2 8 3 1 Energy Gun 4 | 2 1 . . 1 . Energy Cannon 2 | . . . 2 . . Ballistic Gun 1 | . . . 1 . . Ballistic Cannon 2 | . . 1 1 . . Launcher 4 | . . . 4 . . Special Weapon . | . . . . . . Impact Weapon 4 | . . 1 . 2 1 Slashing Weapon . | . . . . . . Piercing Weapon . | . . . . . . Special Melee Weapon 1 | . 1 . . . . Unidentified Prototypes . | . . . . . . Corrupted Parts 1 | . . . . . 1 System Corruption 5 | . . . . . 5 Parts Lost 35 | . 2 . 23 1 9 Power 7 | . 1 . 3 . 3 Propulsion 9 | . . . 7 . 2 Utility 11 | . . . 8 1 2 Weapon 8 | . 1 . 5 . 2 Highest Loss Streak 13 | . 2 . 13 1 3 To Critical Strikes . | . . . . . . Average Slot Usage (%) 76 | . 83 86 88 53 43 Engine 8 | . 13 11 6 6 4 Treads 1 | . 7 . . . . Leg 17 | . 20 22 18 15 5 Flight 1 | . . . 2 . . Device 13 | . 7 20 14 12 13 Storage 4 | . 12 . 4 . . Processor 6 | . 1 11 8 4 7 Protection 5 | . . . 12 . . Energy Gun 5 | . 19 8 . . 1 Ballistic Gun 2 | . . . 5 . . Ballistic Cannon 2 | . . 6 3 . . Launcher 2 | . . . 6 . . Impact Weapon 3 | . . 7 . 12 9 Naked Turns 5 | . . . 5 . . Heaviest Build 32 | 11 11 16 32 19 19 Greatest Support 41 | 40 40 20 41 29 29 Greatest Overweight (x) 7 | . . . 7 . 6 Average Overweight (x) . | . . . . . 1 Largest Inventory Capacity 8 | 8 8 5 5 5 5 Average Capacity 5 | 5 7 5 5 5 5 Most Carried 5 | 5 5 5 5 5 5 Average Carried 3 | 3 2 4 4 3 3 Final Capacity 8 | 8 5 5 5 5 5 Final Carried 5 | 1 4 5 3 3 4 Class Distribution -------------------- 60% | Mutant 23% | Scavenger-Skirmisher 7% | Scavenger-Assassin 6% | Scavenger-Mutant 3% | Skirmisher Dominant Class ---------------- Mutant | -10/Materials Scavenger-Assassin | -9/Materials Scavenger-Skirmisher | -8/Materials Mutant | -7/Factory Mutant | -7/Garrison Resources | -11 -10 -9 -8 -7 -7 ----------- Run | Yrd Mat Mat Mat Fac Gar Matter Collected 1017 | 250 58 76 453 46 134 Remotely . | . . . . . . Salvage Created 1580 | . 355 123 775 46 281 Parts 107 | . 18 12 59 3 15 Haulers Intercepted 1 | . . . 1 . . Recyclers Shooed . | . . . . . . Parts Field Recycled . | . . . . . . Retrieved Matter . | . . . . . . Parts Self-Destructed . | . . . . . . Prevented . | . . . . . . Kills | -11 -10 -9 -8 -7 -7 ------- Run | Yrd Mat Mat Mat Fac Gar Combat Hostiles Destroyed 38 | . 7 5 18 1 7 Melee 4 | . . . . 1 3 Guns 15 | . 7 . 5 . 3 Cannons 7 | . . 3 4 . . AOE 9 | . . 2 7 . . Classes Destroyed 11 | . 3 3 4 1 . Worker 3 | . . . 3 . . Builder 3 | . . 1 2 . . Tunneler 1 | . . . 1 . . Hauler 1 | . . . 1 . . Recycler 3 | . . 1 2 . . Operator 1 | . 1 . . . . Watcher 2 | . 2 . . . . Swarmer 12 | . . 3 6 . 3 Grunt 18 | . 7 2 7 . 2 Sentry 7 | . . . 5 . 2 Programmer 1 | . . . . 1 . Best Kill Streak 9 | . 5 4 9 1 4 Combat Bots Only 6 | . 3 3 6 1 4 Max Kills in Single Turn 3 | . 1 3 3 1 1 Gunslinging . | . . . . . . Exploded 3 | . . 2 3 . . Melee 1 | . . . . 1 1 Uniques/NPCs Destroyed . | . . . . . . Combat | -11 -10 -9 -8 -7 -7 -------- Run | Yrd Mat Mat Mat Fac Gar Hostile Shots Fired 531 | . 57 46 196 12 220 Missed 172 | . 11 24 61 4 72 Damage Taken 4644 | . 576 203 2329 143 1393 Core 1281 | . 164 77 338 15 687 Absorbed by Shields 23 | . . . . . 23 Redirected to Shielding 49 | . . . 49 . . Core Remaining (%) 63 | 100 34 80 38 . . Volleys Fired 164 | . 59 19 63 . 23 Largest 2 | . 2 2 2 . 1 Hottest 102 | . 90 80 102 . 50 Shots Fired 201 | . 76 21 81 . 23 Gun 129 | . 76 4 26 . 23 Cannon 57 | . . 17 40 . . Launcher 15 | . . . 15 . . Special . | . . . . . . Kinetic 69 | . . 17 52 . . Thermal 80 | . 76 4 . . . Explosive 6 | . . . 6 . . Electromagnetic 46 | . . . 23 . 23 Robot Hit Streak 19 | . 19 4 8 . 8 Robot Miss Streak 5 | . 2 3 5 . 1 Penetration Max . | . . . . . . Secondary Targets . | . . . . . . Shots Hit Robots 148 | . 50 12 48 2 36 Core Hits 79 | . 21 6 40 1 11 Critical Kills . | . . . . . . Critical Parts Destroyed 1 | . . . . . 1 Critical Strikes 2 | . 1 . . . 1 Burn 1 | . 1 . . . . Smash 1 | . . . . . 1 Melee Attacks 33 | . 4 . . 3 26 Impact 29 | . . . . 3 26 Slashing . | . . . . . . Piercing . | . . . . . . Sneak Attacks . | . . . . . . Combat Hostiles . | . . . . . . Follow-up Attacks . | . . . . . . Damage Inflicted 4204 | . 530 557 2173 77 867 Guns 1132 | . 530 11 320 . 271 Cannons 791 | . . 237 554 . . Explosions 1600 | . . 309 1231 . 60 Melee 613 | . . . . 77 536 Ramming 68 | . . . 68 . . Kinetic 811 | . . 237 574 . . Thermal 1408 | . 530 320 498 . 60 Explosive 438 | . . . 438 . . Electromagnetic 866 | . . . 595 . 271 Impact 613 | . . . . 77 536 Slashing . | . . . . . . Piercing . | . . . . . . Highest Corruption 8 | . . . 8 . 5 Average Corruption 5 | . . . 5 . 5 Corruption Purged . | . . . . . . Corruption Blocked . | . . . . . . Effects 16 | . . . 8 . 8 Message Errors 4 | . . . 3 . 1 Matter Fused 3 | . . . 2 . 1 Heat Flow Errors 5 | . . . 2 . 3 Energy Discharges 1 | . . . . . 1 Parts Rejected 1 | . . . 1 . . Alerts 2 | . . . . . 2 Overload Shots . | . . . . . . Overflow Damage 177 | . . 70 41 . 66 Projectiles 7 | . . 7 . . . Explosions 104 | . . 63 41 . . Melee 66 | . . . . . 66 Knockbacks 4 | . . 3 1 . . Impact . | . . . . . . Kinetic 4 | . . 3 1 . . Secondary . | . . . . . . Self-Inflicted Damage 124 | . . . 93 . 31 Shots 6 | . . . 5 . 1 Rammed . | . . . . . . Targets Rammed 24 | . . . 24 . . Kicked 24 | . . . 24 . . Crushed . | . . . . . . Highest Temperature 383 | . 383 9 371 . 249 Average Temperature 122 | . 171 6 98 . 105 Received Heat Transfer 1616 | . 345 27 783 . 461 Effects 3 | . 3 . . . . Shutdowns 1 | . 1 . . . . Interference 1 | . 1 . . . . Short Circuit 1 | . 1 . . . . Siege Activations . | . . . . . . Robots Corrupted 2 | . . . 2 . . Combat Hostiles 2 | . . . 2 . . Parts Fried 6 | . . . 3 . 3 Impact Corruptions 3 | . . . . . 3 Robots Melted . | . . . . . . Combat Hostiles . | . . . . . . Parts Melted 3 | . 2 1 . . . Heat Transferred 2121 | . 1346 225 500 . 50 Parts Sabotaged . | . . . . . . Parts Stolen . | . . . . . . Parts Stripped . | . . . . . . Power Chain Reactions 4 | . . . 3 . 1 Alert | -11 -10 -9 -8 -7 -7 ------- Run | Yrd Mat Mat Mat Fac Gar Peak Influence 373 | . 211 213 373 160 176 Initial 110 | . . 15 89 110 . Average 121 | . 78 88 161 102 118 Maximum Alert Level 1 | . 1 1 1 . . Low Security (%) 85 | 100 93 93 69 100 100 Level 1 14 | . 6 6 30 . . Level 2 . | . . . . . . Level 3 . | . . . . . . Level 4 . | . . . . . . Level 5 . | . . . . . . High Security . | . . . . . . Max Security . | . . . . . . Squads Dispatched 8 | . 2 . 4 2 . Investigation 2 | . 1 . . 1 . Extermination 1 | . . . . 1 . Reinforcement 5 | . 1 . 4 . . Assault . | . . . . . . Garrison . | . . . . . . Intercept . | . . . . . . Searches Triggered . | . . . . . . Construction Impeded 2 | . . . 2 . . Haulers Reinforced . | . . . . . . Active Scanning Responses . | . . . . . . Cargo Convoy Interrupts . | . . . . . . Stealth | -11 -10 -9 -8 -7 -7 --------- Run | Yrd Mat Mat Mat Fac Gar Distress Signals 6 | . 1 2 3 . . Communications Jammed . | . . . . . . Distress Signals . | . . . . . . Times Spotted 64 | . 12 10 31 3 8 Peak Tracking Total 9 | . 5 5 9 2 5 Tactical Retreats 2 | . . . 1 . 1 Traps | -11 -10 -9 -8 -7 -7 ------- Run | Yrd Mat Mat Mat Fac Gar Traps Triggered 6 | . . . 4 1 1 Indirectly . | . . . . . . Trap Hack Attempts . | . . . . . . Triggered . | . . . . . . Disarmed . | . . . . . . Reprogrammed . | . . . . . . Reused . | . . . . . . Traps Extracted . | . . . . . . Installed . | . . . . . . Triggered . | . . . . . . Objects Rigged 3 | . . 3 . . . Exploded 1 | . . 1 . . . Machines | -11 -10 -9 -8 -7 -7 ---------- Run | Yrd Mat Mat Mat Fac Gar Machines Disabled 9 | . . 2 6 . 1 Max in Single Turn 2 | . . 2 1 . 1 Garrison Relay 1 | . . . . . 1 Machines Repaired . | . . . . . . Machines Dismantled . | . . . . . . Machines Sabotaged . | . . . . . . Overloaded Fab Kills . | . . . . . . Hacking | -11 -10 -9 -8 -7 -7 --------- Run | Yrd Mat Mat Mat Fac Gar Machines Accessed 12 | . 2 1 6 3 . Terminals 10 | . 2 1 5 2 . Fabricators . | . . . . . . Repair Stations 1 | . . . 1 . . Recycling Units . | . . . . . . Scanalyzers . | . . . . . . Garrison Access 1 | . . . . 1 . Total Hacks 24 | . 5 1 13 5 . Successful 9 | . 2 1 5 1 . Failed 15 | . 3 . 8 4 . Catastrophic 2 | . . . 2 . . Database Lockouts . | . . . . . . Manual 7 | . 1 1 4 1 . Terminals 21 | . 5 1 11 4 . Fabricators . | . . . . . . Repair Stations 2 | . . . 2 . . Recycling Units . | . . . . . . Scanalyzers . | . . . . . . Garrison Access 1 | . . . . 1 . Terminal Hacks 6 | . 2 . 4 . . Record 2 | . 2 . . . . Branch Access Points 1 | . . . 1 . . Unreport Threat 1 | . . . 1 . . Dispatch Records 1 | . . . 1 . . Recall Investigation 1 | . . . 1 . . Fabricator Hacks . | . . . . . . Repair Station Hacks 1 | . . . 1 . . Scan Component 1 | . . . 1 . . Recycling Unit Hacks . | . . . . . . Scanalyzer . | . . . . . . Garrison Access Hacks 1 | . . . . 1 . Unlock Access 1 | . . . . 1 . Unauthorized Hacks 1 | . . 1 . . . Terminals 1 | . . 1 . . . Detonate 1 | . . 1 . . . Fabricators . | . . . . . . Repair Stations . | . . . . . . Recycling Units . | . . . . . . Scanalyzers . | . . . . . . Garrison Access . | . . . . . . Data Cores Recovered . | . . . . . . Used . | . . . . . . Hacking Detections 9 | . 2 . 6 1 . Full Trace Events 3 | . 1 . 1 1 . Feedback Events . | . . . . . . Feedback Blocked . | . . . . . . Robot Schematics Acquired . | . . . . . . Robots Built . | . . . . . . Authchips . | . . . . . . Time . | . . . . . . Total Robot Build Rating . | . . . . . . Part Schematics Acquired . | . . . . . . Parts Built . | . . . . . . Authchips . | . . . . . . Time . | . . . . . . Total Part Build Rating . | . . . . . . Parts Repaired . | . . . . . . Time . | . . . . . . Parts Recycled . | . . . . . . Recycled Matter . | . . . . . . Retrieved Matter . | . . . . . . Retrieved Components . | . . . . . . Parts Scanalyzed . | . . . . . . Part Schematics Acquired . | . . . . . . Parts Damaged . | . . . . . . Bothacking | -11 -10 -9 -8 -7 -7 ------------ Run | Yrd Mat Mat Mat Fac Gar Used RIF Installer . | . . . . . . Robots Hacked 1 | . 1 . . . . Non-combat 1 | . 1 . . . . Combat . | . . . . . . Robot Hacks Applied 2 | . 2 . . . . parse_system 2 | . 2 . . . . Relay Couplers Released 5 | . . . . . 5 Machine Destruction 5 | . . . . . 5 Fabnet Peak Effective % . | . . . . . . Robots Rewired . | . . . . . . Allies Hacked . | . . . . . . Hacks Repelled . | . . . . . . Allies | -11 -10 -9 -8 -7 -7 -------- Run | Yrd Mat Mat Mat Fac Gar Total Allies . | . . . . . . Largest Group . | . . . . . . Highest-Rated Group . | . . . . . . Highest-Rated Ally . | . . . . . . Total Orders . | . . . . . . Ally Attacks . | . . . . . . Total Damage . | . . . . . . Kills . | . . . . . . Allies Corrupted . | . . . . . . Allies Melted . | . . . . . . Intel | -11 -10 -9 -8 -7 -7 ------- Run | Yrd Mat Mat Mat Fac Gar Robot Analysis Total . | . . . . . . Derelict Logs Recovered . | . . . . . . Drone Launches . | . . . . . . Drone Recoveries . | . . . . . . Exploration | -11 -10 -9 -8 -7 -7 ------------- Run | Yrd Mat Mat Mat Fac Gar Turns Passed 2809 | 31 588 264 1168 455 303 Spaces Moved 1565 | 36 318 166 574 378 93 Core 106 | 34 . . 21 . 51 Treads 64 | 2 62 . . . . Legs 1390 | . 256 166 548 378 42 Wheels . | . . . . . . Hover . | . . . . . . Flight 5 | . . . 5 . . Fastest Speed 50 | 50 120 120 50 110 100 Average Speed 129 | 56 127 120 144 110 172 Slowest Speed 440 | 160 160 120 440 110 350 Overloaded Moves . | . . . . . . Propulsion Burnouts . | . . . . . . Robots Hopped . | . . . . . . Cave-ins Triggered . | . . . . . . Exploration Rate (%) 21 | 3 26 23 55 11 8 Regions Visited 5 Branch Regions . Pre-discovered Areas . | . . . . . . Known Exits Taken 3 | . 1 1 . 1 . Unknown Exits Taken 2 | 1 . . 1 . . Scrap Searched . | . . . . . . Spaces Dug . | . . . . . . Terrain Destroyed 152 | . . 15 131 . 6 Melee . | . . . . . . Projectile 2 | . . . 2 . . AOE 150 | . . 15 129 . 6 Terrain Rammed . | . . . . . . Walls Destroyed . | . . . . . . Machines Disabled . | . . . . . . Actions | -11 -10 -9 -8 -7 -7 --------- Run | Yrd Mat Mat Mat Fac Gar Total 2061 | 46 422 211 802 412 168 Wait 133 | . 23 13 87 5 5 Move 1561 | 35 317 165 573 378 93 Hop . | . . . . . . Pick Up 47 | 5 9 3 15 10 5 Fast Attach 15 | 2 . 2 8 3 . Attach 35 | 4 5 1 13 9 3 Detach 1 | . . . . 1 . Swap 13 | . 2 3 8 . . Drop 23 | . 3 5 11 3 1 Fire 164 | . 59 19 63 . 23 Melee 33 | . 4 . . 3 26 Ram . | . . . . . . Kick 24 | . . . 24 . . Crush . | . . . . . . Escape Stasis 12 | . . . . . 12 Rewire . | . . . . . . Trap . | . . . . . . Miscellaneous . | . . . . . . Route ------- -11/Scrapyard -10/Materials -9/Materials -8/Materials -7/Factory -7/Garrison History --------- Turn | Location | Event 8 | -11/Scrapyard | Discovered new exit (range 16) 32 | -11/Scrapyard | Entered Materials 157 | -10/Materials | Core integrity fell below 50% 329 | -10/Materials | Build established: Mutant 617 | -10/Materials | Discovered new exit (range 3) 619 | -10/Materials | Identified exit to Materials 620 | -10/Materials | Entered another Materials area 620 | -9/Materials | Evolved 2 slots: Propulsion x1, Utility x1 871 | -9/Materials | Discovered new exit (range 5) 880 | -9/Materials | Identified exit to Materials 884 | -9/Materials | Entered another Materials area 884 | -8/Materials | Evolved 2 slots: Utility x2 1573 | -8/Materials | Build established: Scavenger-Skirmisher 1659 | -8/Materials | Lost 6 parts (1p2n2u1w) 1911 | -8/Materials | Build established: Mutant 1984 | -8/Materials | Discovered new exit (range 16) 2044 | -8/Materials | Core integrity fell below 50% 2052 | -8/Materials | Entered Factory 2052 | -7/Factory | Evolved 2 slots: Utility x2 2078 | -7/Factory | Lost 13 parts (2p3n5u3w) 2507 | -7/Factory | Identified exit to Garrison 2507 | -7/Factory | Entered Garrison 2593 | -7/Garrison | Lost 3 parts (1p1u1w) 2611 | -7/Garrison | Triggered checkpoint 2672 | -7/Garrison | Garrison Relay disabled 2709 | -7/Garrison | Core integrity fell below 50% 2739 | -7/Garrison | Lost 3 parts (1p1u1w) 2772 | -7/Garrison | Core integrity fell below 20% 2810 | -7/Garrison | Destroyed by Y-54 Guardian with Flak Gun Last Messages --------------- 02777_ System corrupted: Heat flow error (+276). 02778_ Imp. Deuterium Engine destroyed. 02793_ Triggered Stasis Trap. 02793_ A bubble of rippling energy engulfs the area. 02793_ Field strength at 94. 02794_ Field strength at 88. 02795_ Field strength at 82. 02796_ MLLLKO9T